Map: Old Republic LE

Players

ShoWTimE - Winner!

  • Race: Protoss Protoss
  • League: Master
  • Spawn Location: 1:00

HeroMarine

  • Race: Terran Terran
  • Spawn Location: 7:00

VOD

Have the link to the VOD?

Description

Time

  • Played on: Feb. 1, 2026, 10:42 a.m.
  • Length: 13:48
Show
View Real Time Build Order
Export as new Build Order

ShoWTimE Protoss - Winner!

Build Orders: 1 Gate Expand, Blink Stalkers 

Get SALT Encoding   

  12  0:00  Probe  
  13  0:12  Probe  
  14  0:16  Pylon  
  14  0:23  Probe  
  15  0:31  Probe  
  16  0:35  Gateway  
  16  0:39  Probe  
  16  0:45  Assimilator  
  17  0:50  Probe  
  18  1:02  Probe  
  19  1:15  Probe  
  20  1:22  Cybernetics Core  
  20  1:31  Nexus  
  20  1:34  Probe  
  21  1:41  Pylon  
  21  1:46  Probe  
  22  1:48  Adept, Assimilator  
  22  1:58  Probe  
  22  2:00  Warp Gate  
  25  2:08  Adept  
  25  2:10  Probe  
  26  2:22  Probe  
  29  2:25  Twilight Council  
  29  2:34  Probe  
  30  2:38  Blink  
  30  2:40  Stalker, Probe  
  33  2:46  Probe  
  33  2:48  Probe  
  34  2:54  Gateway  
  34  2:57  Probe  
  35  2:58  Probe  
  37  3:09  Probe  
  38  3:16  Probe  
  37  3:22  Probe, Robotics Facility  
  38  3:28  Probe  
  38  3:34  Probe  
  40  3:40  Probe, Pylon  
  41  3:47  Probe  
  41  3:48  Stalker  
  41  3:52  Probe  
  41  3:55  Stalker  
  46  3:57  Nexus  
  46  4:00  Probe  
  47  4:03  Assimilator  
  47  4:05  Probe  
  47  4:07  Pylon  
  47  4:09  Observer  
  49  4:12  Probe  
  49  4:14  Stalker  
  52  4:17  Probe  
  54  4:24  Probe  
  54  4:25  Pylon, Stalker  
  54  4:27  Observer  
  54  4:29  Probe  
  58  4:34  Gateway  
  58  4:38  Gateway  
  58  4:41  Probe  
  58  4:43  Stalker  
  61  4:48  Charge, Probe  
  61  4:51  Stalker  
  64  4:54  Forge  
  64  4:59  Probe  
  65  5:01  Probe  
  65  5:03  Protoss Ground Weapons Level 1  
  66  5:08  Probe  
  66  5:11  Probe  
  66  5:12  Observer  
  66  5:14  Probe  
  69  5:15  Sentry  
  69  5:16  Probe  
  69  5:20  Gateway  
  72  5:21  Gateway  
  72  5:23  Probe  
  72  5:25  Sentry  
  72  5:26  Probe x2  
  76  5:34  Pylon  
  76  5:35  Probe  
  78  5:38  Probe  
  78  5:39  Probe  
  78  5:42  Shield Battery  
  80  5:47  Probe  
  80  5:49  Gateway x2  
  81  5:50  Observer  
  81  5:53  Zealot x3  
  81  5:54  Sentry  
  90  5:59  Pylon  
  90  6:09  Pylon  
  90  6:15  Zealot  
  90  6:18  Zealot x4  
  100  6:19  Pylon  
  100  6:22  Pylon  
  100  6:24  Robotics Bay  
  100  6:28  Probe  
  100  6:29  Assimilator  
  100  6:31  Zealot  
  103  6:35  Zealot  
  105  6:40  Warp Prism  
  105  6:41  Protoss Ground Weapons Level 2  
  105  6:42  Probe x3  
  105  6:46  Pylon  
  108  6:49  Zealot x6  
  122  6:56  Nexus  
  122  6:58  Pylon  
  122  7:02  Pylon  
  122  7:09  Forge  
  122  7:10  Probe x2  
  122  7:11  Probe  
  124  7:18  Pylon  
  124  7:25  Colossus  
  124  7:26  Zealot x7  
  124  7:28  Zealot  
  124  7:29  Probe  
  142  7:30  Probe  
  142  7:31  Protoss Ground Armor Level 1  
  148  7:42  Pylon  
  148  7:44  Extended Thermal Lance  
  148  7:51  Zealot x3  
  152  7:52  Zealot  
  152  7:57  Pylon  
  154  8:12  Zealot x7  
  162  8:15  Zealot  
  146  8:22  Colossus  
  136  8:29  Probe x3  
  136  8:34  Stalker x4, Zealot x2  
  129  8:40  Zealot x2  
  125  8:44  Protoss Ground Weapons Level 3  
  111  8:54  Protoss Ground Armor Level 2  
  95  8:55  Probe  
  95  8:56  Zealot x2  
  100  9:03  Zealot x5  
  100  9:07  Colossus  
  100  9:09  Probe x2  
  112  9:10  Robotics Facility  
  112  9:12  Nexus  
  112  9:13  Pylon  
  112  9:15  Probe  
  112  9:16  Probe  
  114  9:21  Probe x2  
  114  9:23  Sentry  
  114  9:24  Sentry x2  
  128  9:28  Probe x2  
  128  9:29  Stalker  
  130  9:47  Colossus, Zealot x7  
  130  9:52  Zealot  
  142  10:05  Probe x2  
  142  10:08  Stalker, Zealot x3  
  142  10:12  Dark Shrine  
  142  10:14  Zealot x3  
  156  10:15  Gateway  
  156  10:19  Zealot  
  156  10:20  Gateway  
  154  10:23  Probe  
  154  10:24  Probe, Unknown  
  156  10:32  Zealot  
  156  10:34  Zealot x4  
  156  10:35  Zealot x2  
  170  10:40  Probe x3  
  173  10:47  Stalker  
  175  10:53  Pylon, Nexus  
  175  10:57  Stalker x4  
  175  11:00  Zealot  
  175  11:01  Zealot x2  
  183  11:04  Gravitic Drive  
  183  11:06  Shadow Stride  
  183  11:07  Probe  
  183  11:08  Gateway, Probe x2  
  183  11:09  Probe  
  183  11:10  Zealot  
  189  11:12  Gateway  
  179  11:20  Zealot x5  
  179  11:21  Zealot x3  
  173  11:41  Colossus  
  173  11:43  Zealot x7  
  173  11:46  Disruptor  
  171  11:47  Zealot x3  
  147  12:07  Stalker x9  
  147  12:08  Stalker x2  
  163  12:10  Zealot  
  149  12:31  Zealot  
  149  12:32  Zealot x6  
  149  12:33  Zealot x5  
  173  12:38  Gateway  
  173  12:41  Gateway  
  167  12:48  Colossus  
  155  12:55  Zealot x11  
  159  13:01  Zealot  
  151  13:08  Probe x2  
  151  13:09  Probe  
  154  13:15  Stalker x3  
  154  13:16  Zealot x7  
  174  13:20  Dark Templar, Pylon  
  174  13:23  Stalker  
  176  13:38  Zealot x7  
  176  13:42  Stalker x2  
Show
View Real Time Build Order
Export as new Build Order

HeroMarine Terran 

Build Orders: Cyclone Opening 

Get SALT Encoding   

  12  0:00  SCV  
  13  0:12  SCV  
  14  0:16  Supply Depot  
  14  0:24  SCV  
  15  0:38  SCV  
  15  0:41  Barracks  
  16  0:42  Refinery  
  16  0:50  SCV  
  17  1:02  SCV  
  18  1:14  SCV  
  19  1:27  Orbital Command  
  20  1:36  Command Center  
  20  1:38  Marine  
  20  1:50  Factory  
  20  1:53  SCV  
  21  2:05  Supply Depot  
  21  2:06  SCV, Barracks Tech Lab  
  22  2:18  SCV  
  23  2:24  Refinery  
  23  2:30  SCV  
  24  2:39  Cyclone  
  24  2:42  SCV  
  28  2:48  Barracks Reactor  
  27  2:54  SCV  
  28  3:01  Orbital Command  
  28  3:06  SCV  
  28  3:10  Orbital Command  
  28  3:14  Command Center  
  28  3:16  Siege Tank  
  28  3:18  SCV  
  32  3:24  Barracks  
  32  3:31  SCV, Marine  
  32  3:32  Marine  
  35  3:35  SCV  
  36  3:43  SCV  
  36  3:48  SCV  
  38  3:49  Marine  
  38  3:50  Marine  
  38  3:55  SCV  
  41  4:00  SCV, Barracks  
  42  4:07  Marine, SCV  
  42  4:08  Marine  
  45  4:12  Engineering Bay, SCV  
  46  4:19  Factory Tech Lab  
  46  4:23  Stimpack  
  46  4:25  SCV x2  
  46  4:26  Marauder, Orbital Command  
  50  4:31  Supply Depot  
  50  4:34  Marine x2  
  50  4:38  SCV x2, Terran Infantry Weapons Level 1  
  54  4:48  Marauder  
  54  4:50  SCV x2  
  54  4:51  Marine  
  54  4:52  Marine  
  60  4:53  SCV  
  60  4:56  Factory Reactor, Supply Depot, Starport  
  63  5:00  Marauder  
  63  5:02  SCV x2  
  63  5:05  SCV  
  63  5:06  Refinery  
  66  5:08  Refinery  
  66  5:10  Combat Shield  
  68  5:14  SCV x2  
  68  5:18  Marauder  
  68  5:19  Marine  
  68  5:20  Supply Depot, Marine  
  72  5:22  Marauder  
  74  5:30  Barracks  
  74  5:33  Barracks  
  75  5:35  SCV x2  
  75  5:36  SCV  
  75  5:41  Medivac x2  
  81  5:43  Orbital Command  
  81  5:44  Supply Depot, Marauder  
  81  5:49  SCV x2  
  85  6:00  Supply Depot  
  85  6:05  SCV x2  
  85  6:08  Supply Depot  
  93  6:15  Factory Tech Lab  
  93  6:18  Supply Depot  
  93  6:21  SCV x3, Medivac x2  
  93  6:23  Barracks Reactor, Barracks Tech Lab  
  98  6:26  Marauder x2  
  98  6:32  Bunker  
  98  6:33  Supply Depot x2, SCV x3  
  98  6:38  Terran Infantry Armor Level 1  
  98  6:39  Marine x2  
  103  6:45  SCV x3, Siege Tank  
  103  6:46  Marine  
  113  6:47  Marauder x2  
  113  6:56  Marine  
  113  6:57  Marine, SCV x2  
  113  6:58  SCV, Missile Turret  
  119  7:02  Viking x2, Supply Depot  
  119  7:04  Marine x3  
  119  7:05  Supply Depot  
  124  7:09  SCV x2  
  124  7:10  SCV, Sensor Tower, Marauder  
  124  7:12  Marauder  
  124  7:15  Refinery x2  
  131  7:16  Marine x2  
  131  7:20  Concussive Shells  
  131  7:22  Supply Depot  
  133  7:23  Supply Depot, Marine x2  
  133  7:29  Armory  
  135  7:30  Engineering Bay  
  135  7:33  Siege Tank  
  135  7:34  Missile Turret  
  135  7:35  Medivac  
  140  7:37  Medivac  
  140  7:42  Missile Turret  
  142  7:45  Marauder x3, Marine  
  142  7:46  Marine  
  150  7:57  Command Center  
  150  7:58  Marine x2  
  151  8:03  Marine x2  
  152  8:05  Marine  
  152  8:06  Marine x2  
  141  8:15  Siege Tank, Medivac x2  
  141  8:16  Marine x2  
  142  8:20  Marine  
  142  8:21  Marine  
  142  8:23  Marine x2  
  142  8:24  Marine  
  142  8:25  SCV x2  
  142  8:26  SCV  
  142  8:34  Marine x2  
  125  8:38  Marine  
  125  8:39  Marine, Terran Infantry Weapons Level 2  
  122  8:41  Marine x3  
  122  8:45  Medivac  
  123  8:51  Marine  
  123  8:52  Marine  
  123  8:54  Medivac, Widow Mine  
  124  8:56  Marine  
  124  8:57  Marine  
  124  8:59  Marine, Marauder  
  124  9:00  Marauder  
  131  9:07  Ghost Academy  
  131  9:09  Marine x2  
  132  9:14  Marine  
  132  9:15  Marine, Medivac  
  137  9:18  Marauder  
  137  9:20  Terran Infantry Armor Level 2  
  137  9:21  Marauder x2  
  137  9:22  Widow Mine  
  145  9:27  Marine x2, Sensor Tower  
  145  9:29  SCV x3, Barracks x3  
  150  9:32  Marine x2, Planetary Fortress  
  150  9:38  Viking  
  154  9:39  Marauder  
  154  9:41  SCV  
  154  9:42  Ghost, Marine  
  154  9:43  SCV  
  154  9:44  SCV  
  154  9:45  Viking  
  160  9:48  Siege Tank  
  154  9:53  SCV, Starport  
  154  9:55  SCV  
  154  9:56  SCV  
  152  10:00  Marauder x2  
  152  10:05  SCV  
  152  10:06  Marine x2  
  157  10:07  Marine x2  
  157  10:08  SCV x2  
  157  10:11  Viking, Marauder  
  165  10:15  Viking  
  165  10:21  Ghost, Marauder  
  165  10:23  Siege Tank  
  165  10:24  Marine x2  
  171  10:32  Marauder  
  171  10:33  Viking  
  175  10:41  Viking, Refinery  
  173  10:43  Marauder, Barracks Tech Lab x2  
  173  10:44  Barracks Tech Lab, Marine x4  
  173  10:46  Supply Depot  
  173  10:48  Supply Depot  
  173  10:49  Supply Depot  
  179  10:53  Viking, Marauder  
  179  10:54  Marauder  
  179  10:55  Command Center  
  185  11:04  Viking  
  185  11:08  Siege Tank  
  185  11:10  Sensor Tower, Missile Turret  
  185  11:11  Viking  
  192  11:15  Marauder  
  172  11:22  Marauder  
  172  11:23  Marauder, Viking  
  178  11:29  Sensor Tower  
  178  11:31  Command Center  
  174  11:34  Viking, Marauder  
  174  11:37  Marauder  
  174  11:39  Marine x2  
  157  11:41  Viking  
  157  11:45  Marauder x2, SCV x3  
  157  11:46  SCV  
  149  11:53  Viking, Siege Tank  
  144  11:57  SCV x2, Marauder  
  144  11:58  SCV, Marauder, Marine  
  144  11:59  SCV  
  140  12:04  Viking  
  136  12:09  Orbital Command  
  136  12:11  Viking  
  136  12:14  Marauder x4, SCV x2  
  148  12:21  SCV x2  
  148  12:22  Marauder  
  142  12:23  Marauder  
  142  12:24  Marine x2  
  142  12:25  Viking  
  142  12:29  Siege Tank  
  149  12:33  Marine x2  
  149  12:34  Viking  
  149  12:35  Marine x2, Marauder  
  157  12:38  Marine  
  157  12:41  Marine  
  157  12:42  Marine  
  153  12:48  Viking  
  153  12:49  Marauder x2  
  153  12:51  Marine x2  
  137  12:52  Marine  
  137  12:53  Marauder  
  137  12:55  Viking, Marine  
  137  12:56  Marine  
  126  13:04  Viking  
  121  13:07  Marine x2  
  121  13:09  Marine  
  121  13:10  Marine x2  
  121  13:11  Marauder x2  
  129  13:13  Marine  
  129  13:14  Marine x2  
  129  13:15  Orbital Command  
  129  13:18  Viking  
  137  13:25  Marine x2  
  141  13:27  Marine x2  
Tags
 
Add a new tag
Caveats
  • Supply blocks, unpowered buildings, or Contaminate may cause inaccurate times.
  • Supply counts are checked every 10 seconds.